 Dungeon Crawl Stone Soup version 0.29.1-13-g9f3cf754e1 (webtiles) character file.

Game seed: 6730752913239729191

103 KittyFluff the Cudgeller (level 4, 0/29 HPs)
             Began as a Gargoyle Berserker on Feb 6, 2023.
             Was a Believer of Trog.
             Killed from afar by Natasha (5 damage)
             ... with a magic dart
             ... on level 1 of the Dungeon.
             The game lasted 00:05:07 (1330 turns).

KittyFluff the Cudgeller (Gargoyle Berserker)       Turns: 1330, Time: 00:05:08

Health: 0/29       AC:  9    Str: 21    XL:     4   Next: 79%
Magic:  4/4        EV: 11    Int:  7    God:    Trog [**....]
Gold:   70         SH:  3    Dex: 11    Spells: 3/3 levels left

rFire   . . .      SeeInvis .   a - +0 mace
rCold   . . .      Faith    .   e - +0 buckler
rNeg    + . .      Spirit   .   l - +0 leather armour
rPois   ∞          Reflect  .   d - +1 helmet
rElec   +          Harm     .   (no cloak)
rCorr   .          Rampage  .   (no gloves)
Will    .....                   (no boots)
Stlth   +.........              (no amulet)
HPRegen 0.09/turn               (no ring)
MPRegen 0.09/turn               (no ring)

@: on berserk cooldown, slowed, very slow
A: sickness immunity, AC +3, negative energy resistance 1, electricity
resistance, torment resistance 1, petrification resistance
a: Renounce Religion, Berserk, Trog's Hand


You were on level 1 of the Dungeon.
You worshipped Trog.
Trog was pleased with you.
You visited 1 branch of the dungeon, and saw 2 of its levels.

You collected 70 gold pieces.

Inventory:

Hand Weapons
 a - a +0 mace (weapon)
Missiles
 c - 10 stones (quivered)
 i - 2 poisoned darts
Armour
 d - a +1 helmet (worn)
 e - a +0 buckler (worn)
 g - a +0 ring mail
 l - a +0 leather armour (worn)
 p - a scarf of harm
Scrolls
 b - 2 scrolls of noise {unknown}
 k - 2 scrolls of identify {unknown}
 o - 2 scrolls of immolation {unknown}
Potions
 f - 2 potions of curing
 h - a potion of might {unknown}
 j - a potion of flight {unknown}
 m - a potion of brilliance {unknown}
 n - a potion of heal wounds {unknown}
 q - a potion of lignification {unknown}


   Skills:
 + Level 3.8 Fighting
 + Level 4.1 Maces & Flails
 * Level 3.1 Armour
 + Level 2.0 Dodging
 + Level 0.8 Stealth
 + Level 0.3 Shields


You had 3 spell levels left.
You didn't know any spells.
Your spell library was empty.

Dungeon Overview and Level Annotations

Branches:
Dungeon (2/15)

Altars:

Annotations:
D:1 Natasha
D:2 Sigmund


Innate Abilities, Weirdness & Mutations

You are immune to sickness and miasma.
Your stone body is resilient. (AC +3)
You are immune to poison.
You resist negative energy. (rN+)
You are resistant to electric shocks. (rElec)
You are resistant to unholy torment.
You are immune to petrification.


Message History

You are no longer berserk.
You are exhausted.
You feel yourself slow down. Natasha casts a spell at you.
The magic dart hits you.
* * * LOW HITPOINT WARNING * * *
You bump into the rock wall.
Sigmund closely misses you. Natasha misses you.
Natasha zaps a wand.
The puff of flame hits you.
* * * LOW HITPOINT WARNING * * *
It was a potion of curing.
You feel better. Sigmund hits you with a +0 scythe.
Natasha claws you but does no damage. Natasha attacks as you move away!
Natasha claws you but does no damage. Sigmund attacks as you move away!
Sigmund barely misses you.
Natasha zaps a wand.
The puff of flame misses you.
The now-empty wand crumbles to dust.
Sigmund hits you from afar with a +0 scythe.
Natasha attacks as you move away! Natasha claws you but does no damage.
You block Sigmund's attack. Sigmund closely misses you.
Natasha barely misses you. Sigmund completely misses you.
Natasha stares at you and mumbles some strange words.
The magic dart hits you.
* * * LOW HITPOINT WARNING * * *
Sigmund closely misses you.
Natasha stares at you and mumbles some strange words.
You feel as though you will be slow longer.
Found a stone.
Natasha extends her claws.
You block Sigmund's attack. Natasha claws you but does no damage.
Natasha attacks as you move away! Natasha misses you. Natasha claws you.
* * * LOW HITPOINT WARNING * * *
There is an escape hatch in the ceiling here.
Sigmund closely misses you. Natasha misses you.
A mysterious force pulls you upwards. The hatch slams shut behind you.
You hit Natasha.
Natasha is lightly wounded.
Natasha casts a spell at you. The magic dart hits you.
You die...

..####...........#####......###..
..####........##... ###.........
..............# #. ###....#.#
..####........####.######..##.#.#
..# #...........................
..# ######)######.....######...#
..# #.# ####...)#######.# ..#
#.#####....##......)... ###
#.....@h####.....####~#
#####..######........#P.P~.
##.##.................#..~P.
##...##..........#.....##P~..
###.....###...###########.#.~.#
##'.......'##### ###......#P~P#
#.##.....##.# ##...#....##~.#
##.##...##.## ##..#...#>###P~P
##'##.##'## ####..##.###.# ##.~


You could see Natasha.

Vanquished Creatures
  Jessica (D:2)
  Natasha (twice) (D:2)
  A dart slug (D:1)
  2 endoplasms
  2 giant cockroaches (D:1)
  5 goblins
  2 kobolds (D:1)
  A quokka (D:1)
  3 ball pythons (D:1)
  3 bats (D:1)
  2 frilled lizards (D:1)
  6 rats
30 creatures vanquished.

Notes
Turn   | Place    | Note
-------+----------+-------------------------------------------
     0 | D:1      | KittyFluff the Gargoyle Berserker began the quest for the
                  | Orb.
     0 | D:1      | Reached XP level 1. HP: 14/14 MP: 1/1
   169 | D:1      | Reached XP level 2. HP: 17/19 MP: 2/2
   351 | D:1      | Found a faded altar of an unknown god.
   622 | D:1      | Reached XP level 3. HP: 22/23 MP: 3/3
   769 | D:2      | Noticed Natasha
   790 | D:2      | Killed Natasha
   904 | D:2      | Noticed Natasha
   914 | D:2      | Killed Natasha
   914 | D:2      | Reached ** piety under Trog
   915 | D:2      | Reached XP level 4. HP: 20/29 MP: 4/4
  1002 | D:2      | Noticed Natasha
  1065 | D:2      | Noticed Jessica
  1103 | D:2      | Killed Jessica
  1104 | D:2      | Reached skill level 4 in Maces & Flails
  1302 | D:2      | Noticed Sigmund
  1330 | D:1      | Killed from afar by Natasha

Illustrated notes

Levels and vault maps discovered:
D:1:      dpeg_arrival_rhombi, layout_rooms,
          shapermc_ecumenical_altar_hornbeckon, minivault_19
D:2:      layout_rooms, minmay_split_cup_large, uniq_natasha, uniq_jessica,
          uniq_sigmund

Skill      XL: |  1  2  3  4 |
---------------+-------------+-----
Armour         | 3 |  3.1
Maces & Flails | 4 |  4.1
Dodging        | 2 |  2.0
Fighting       | |  3.8
Stealth        | |  0.8
Shields        | |  0.3

Action                   |  1- 3 |  4- 6 || total
-------------------------+-------+-------++-------
Melee: Mace              |    87 |    27 ||   114
Invok: Berserk           |       |     1 ||     1
  Use: Potion            |       |     1 ||     1
 Stab: Sleeping          |     1 |       ||     1
Armor: Animal skin       |    35 |       ||    35
       Leather armour    |     2 |    11 ||    13
Dodge: Dodged            |    50 |    19 ||    69
Block: Buckler           |     9 |     8 ||    17
